 Dungeon Crawl Stone Soup version 0.19-a0-376-gf780d9b (webtiles) character file.

3873 Kidiri the Arsonist (level 10, -9/50 HPs)
             Began as a Deep Elf Fire Elementalist on May 30, 2016.
             Mangled by tstbtto's ghost (26 damage)
             ... on level 8 of the Dungeon.
             The game lasted 00:42:52 (14670 turns).

Kidiri the Arsonist (Deep Elf Fire Elementalist)   Turns: 14670, Time: 00:42:52

Health: -9/50      AC:  7    Str:  7    XL:     10   Next: 0%
Magic:  3/23       EV: 14    Int: 24    God:
Gold:   576        SH:  4    Dex: 15    Spells: 7 memorised, 1 level left

rFire  . . .     SeeInvis .     L - +7 war axe of Blood-Lust {chop, rC+}
rCold  + . .     Gourm    .     f - +1 leather armour
rNeg   . . .     Faith    .     J - +0 buckler
rPois  .         Spirit   .     (no helmet)
rElec  .         Dismiss  .     c - +2 cloak
rCorr  .         Reflect  .     (no gloves)
SustAt +         Harm     .     (no boots)
MR     +....                    (no amulet)
Stlth  ++........               K - ring of wizardry
                                w - ring of sustain attributes

@: somewhat resistant to hostile enchantments, unstealthy
A: claws 1, frail 1, strong 1, MP-powered wands
a: no special abilities


You were on level 8 of the Dungeon.
You were not hungry.

You visited 1 branch of the dungeon, and saw 8 of its levels.
You also visited: Sewer and Ossuary.

You collected 576 gold pieces.

Inventory:

Hand Weapons
 g - a +2 short sword
 L - the +7 war axe of Blood-Lust (weapon) {chop, rC+}
   (You found it on level 7 of the Dungeon)

   It inflicts extra damage upon your enemies.
   It protects you from cold.
Missiles
 l - 10 tomahawks
 q - 4 javelins (quivered)
Armour
 a - a +1 robe
 c - a +2 cloak (worn)
 f - a +1 leather armour (worn)
 J - a +0 buckler (worn)
Jewellery
 w - a ring of sustain attributes (left claw)
 B - an uncursed ring of stealth
 K - a ring of wizardry (right claw)
Wands
 e - a wand of disintegration (13/24)
 s - a wand of lightning (7/15)
 y - a wand of slowing (33/48)
 z - a wand of disintegration (18/24)
 E - a wand of flame (40/48)
 H - a wand of enslavement (19/24)
Scrolls
 k - 2 scrolls of fog
 n - 5 scrolls of amnesia
 p - 5 scrolls of fear
 r - 7 scrolls of remove curse
 t - 4 scrolls of immolation
 u - 3 scrolls of teleportation
 C - a scroll of blinking
 F - a scroll of noise
 O - a scroll of recharging
 P - a scroll of vulnerability {unknown}
Potions
 h - a potion of invisibility
 j - 5 potions of curing
 o - 6 potions of flight
 v - a potion of might
 x - 3 potions of lignification
 A - a potion of haste {unknown}
 D - a potion of resistance {unknown}
 G - a potion of heal wounds {unknown}
Books
 b - a book of Flames

   Spells                             Type                      Level
   a - Flame Tongue                   Conjuration/Fire             1
   b - Throw Flame                    Conjuration/Fire             2
   c - Conjure Flame                  Conjuration/Fire             3
   d - Inner Flame                    Hexes/Fire                   3
   e - Sticky Flame                   Conjuration/Fire             4
   f - Fireball                       Conjuration/Fire             5
 i - a book of Power

   Spells                             Type                      Level
   a - Fulminant Prism                Conjuration/Hexes            4
   b - Iskenderun's Mystic Blast      Conjuration                  4
   c - Venom Bolt                     Conjuration/Poison           5
   d - Bolt of Magma                  Conjuration/Fire/Earth       5
   e - Iron Shot                      Conjuration/Earth            6
   f - Orb of Destruction             Conjuration                  7
   g - Spellforged Servitor           Conjuration/Summoning        7
Comestibles
 d - a slice of pizza
 m - 5 meat rations
 I - 2 royal jellies


   Skills:
 + Level 3.1 Fighting
 + Level 3.8 Short Blades
 + Level 3.0 Armour
 + Level 5.6 Dodging
 - Level 2.4 Stealth
 + Level 0.4 Shields
 + Level 7.7 Spellcasting
 + Level 6.0 Conjurations
 * Level 9.2 Fire Magic
 + Level 4.1 Evocations


You had one spell level left.
You knew the following spells:

 Your Spells              Type           Power        Failure   Level  Hunger
a - Flame Tongue          Conj/Fire      #####        1%          1    None
b - Throw Flame           Conj/Fire      #####.       1%          2    None
c - Conjure Flame         Conj/Fire      #####...     1%          3    None
d - Inner Flame           Hex/Fire       ####....     4%          3    None
e - Sticky Flame          Conj/Fire      #####...     3%          4    ###....
f - Fireball              Conj/Fire      #####.....   9%          5    #####..
g - Bolt of Magma         Conj/Fire/Erth ####......   26%         5    #####..


Dungeon Overview and Level Annotations

Branches:
Dungeon (8/15)
 Temple: D:4-7         Lair: D:8-11

Altars:
Ashenzari
Cheibriados
Dithmenos
Elyvilon
Kikubaaqudgha
Pakellas
Trog
Xom
Zin

Annotations:
D:1 Terence
D:8 tstbtto's ghost, novice MiCK


Innate Abilities, Weirdness & Mutations

You have sharp fingernails.
You are frail. (-10% HP)
Your muscles are strong. (Str +2)
You expend magic power (3 MP) to strengthen your wands.


Message History

The flame tongue hits tstbtto's ghost.
Tstbtto's ghost appears unharmed.
Tstbtto's ghost is almost destroyed.
Tstbtto's ghost is engulfed in roaring flames.
Tstbtto's ghost hits you!
You barely miss tstbtto's ghost.
Tstbtto's ghost is almost destroyed.
You block tstbtto's ghost's attack. Tstbtto's ghost closely misses you.
You hit tstbtto's ghost but do no damage.
Tstbtto's ghost is almost destroyed.
Tstbtto's ghost hits you!!
Casting: Flame Tongue
Confirm with . or Enter, or press ? or * to list all spells.
Aiming: Flame Tongue
Press: ? - help, Shift-Dir - straight line, f/p - tstbtto's ghost
Aim: tstbtto's ghost (almost destroyed)
The flame tongue hits tstbtto's ghost.
Tstbtto's ghost resists.
Tstbtto's ghost is almost destroyed.
Tstbtto's ghost hits you!!
Ouch! That really hurt!
You die...

..####.# ##..##.# #.#
.## #.# #...#.# #.# .#
#.# #.#.#)# .#
...###..# ###.#...#
.....##.. #... #...
......##.# #.#
.###...#.#######.#
...............#####..
.
##.....##...)@W......
##..#..#.#..##.....#
#..#..........#..##
.#####....(....#####
##
.).........(...##...
.######...........##
#............##
##............#
######.#.#........#


You could see tstbtto's ghost.

Vanquished Creatures
  Grinder (D:5)
  Prince Ribbit (D:8)
  Sigmund (D:4)
  The ghost of tstbtto the Chopper, an amateur MiCK of Ru (D:4)
  Eustachio (D:4)
  Menkaure (Ossuary)
  Edmund (D:4)
  Duvessa (D:4)
  An orc warrior (D:6)
  A black bear (D:8)
  An ogre (D:5)
  A phantom (D:8)
  2 ice beasts
  A sky beast (D:6)
  2 big kobolds (D:3)
  Blork the orc (D:4)
  3 giant frogs
  Dowan (D:4)
  A water moccasin skeleton (D:8)
  3 killer bees (D:7)
  4 howler monkeys
  2 jellies (D:7)
  3 crimson imps
  2 quasits
  A centaur zombie (D:8)
  5 hounds
  3 orc priests
  2 orc wizards
  An iguana (D:5)
  4 worker ants (D:4)
  Ijyb (D:2)
  A siren (Sewer)
  A merfolk avatar (Sewer)
  A hound skeleton (D:5)
  4 mummies
  A worker ant zombie (D:6)
  10 adders
  9 gnolls
  2 river rats (Sewer)
  2 shadow imps
  2 oozes
  An adder skeleton (D:5)
  5 worms
  A dart slug (D:3)
  17 giant geckos
  18 orcs
  5 ball pythons
  13 bats
  7 giant cockroaches
  9 gnoll zombies (Ossuary)
  45 goblins
  23 hobgoblins
  7 jackals
  2 quokkas
  A giant gecko skeleton (D:7)
  11 giant newts
  3 gnoll skeletons (Ossuary)
  4 goblin skeletons (Ossuary)
  6 goblin zombies
  2 hobgoblin skeletons (Ossuary)
  2 hobgoblin zombies
  16 kobolds
  6 kobold skeletons (Ossuary)
  4 kobold zombies (Ossuary)
  2 orc skeletons (Ossuary)
  3 orc zombies (Ossuary)
  A quokka zombie (D:6)
  35 rats
  2 rat skeletons (Ossuary)
338 creatures vanquished.

Vanquished Creatures (others)
  2 gnoll skeletons (Ossuary)
  A goblin skeleton (Ossuary)
  A kobold skeleton (Ossuary)
  A kobold zombie (Ossuary)
  An orc skeleton (Ossuary)
  A rat skeleton (Ossuary)
  2 rat zombies (Ossuary)
9 creatures vanquished.

Grand Total: 347 creatures vanquished

Notes
Turn   | Place    | Note
--------------------------------------------------------------
     0 | D:1      | Kidiri the Deep Elf Fire Elementalist began the quest for the Orb.
     0 | D:1      | Reached XP level 1. HP: 10/10 MP: 6/6
   407 | D:1      | Reached XP level 2. HP: 15/15 MP: 2/8
   423 | D:1      | Learned a level 2 spell: Throw Flame
  1236 | D:2      | Reached skill level 4 in Fire Magic
  1244 | D:2      | Reached XP level 3. HP: 10/19 MP: 1/10
  1265 | D:2      | Learned a level 3 spell: Conjure Flame
  1269 | D:2      | Learned a level 3 spell: Inner Flame
  1605 | D:2      | Reached XP level 4. HP: 24/24 MP: 0/11
  1729 | D:2      | Noticed Terence
  2138 | D:2      | Noticed an angel
  2139 | D:2      | Found a shimmering altar of Xom.
  2160 | D:2      | Found a glowing silver altar of Zin.
  2715 | D:2      | Noticed Ijyb
  2724 | D:2      | Reached skill level 5 in Fire Magic
  2724 | D:2      | Killed Ijyb
  2724 | D:2      | Reached XP level 5. HP: 28/28 MP: 0/13
  3168 | D:3      | Found an ancient bone altar of Kikubaaqudgha.
  3168 | D:3      | Found a shadowy altar of Dithmenos.
  3169 | D:3      | Found a white marble altar of Elyvilon.
  3844 | D:3      | Found a snail-covered altar of Cheibriados.
  4156 | D:3      | Found an oddly glowing altar of Pakellas.
  4954 | D:3      | Learned a level 4 spell: Sticky Flame
  5531 | D:3      | Reached XP level 6. HP: 26/32 MP: 6/15
  5639 | D:3      | Reached skill level 5 in Spellcasting
  5639 | D:3      | Reached skill level 6 in Fire Magic
  6004 | D:3      | Reached XP level 7. HP: 36/36 MP: 7/17
  6376 | D:4      | Noticed tstbtto's ghost (amateur MiCK)
  6494 | D:4      | Noticed Edmund
  6509 | D:4      | Killed Edmund
  6509 | D:4      | Reached skill level 1 in Fighting
  6509 | D:4      | Reached skill level 1 in Short Blades
  6509 | D:4      | Reached skill level 1 in Armour
  6509 | D:4      | Reached skill level 7 in Fire Magic
  6509 | D:4      | Reached skill level 1 in Evocations
  6606 | D:4      | Noticed Eustachio
  6733 | D:4      | Found a glowing drain.
  6737 | Sewer    | Entered a sewer
  7978 | D:4      | Noticed Sigmund
  8092 | D:4      | Killed Sigmund
  8092 | D:4      | Reached XP level 8. HP: 33/43 MP: 13/19
  8172 | D:4      | Learned a level 5 spell: Fireball
  8173 | D:4      | Gained mutation: You have a pair of small horns on your head. [potion of mutation]
  8173 | D:4      | Gained mutation: You are clumsy. (Dex -2) [potion of mutation]
  8173 | D:4      | Gained mutation: You are partially covered in molten scales. (AC +1) [potion of mutation]
  8174 | D:4      | Lost mutation: You are partially covered in molten scales. (AC +1) [potion of cure mutation]
  8174 | D:4      | Lost mutation: You are clumsy. (Dex -2) [potion of cure mutation]
  8174 | D:4      | Lost mutation: You have a pair of small horns on your head. [potion of cure mutation]
  8494 | D:4      | Killed Eustachio
  8523 | D:4      | Killed tstbtto's ghost
  8775 | D:4      | Noticed a moth of wrath
  8776 | D:4      | Noticed Blork the orc
  8776 | D:4      | Noticed Duvessa
  8776 | D:4      | Noticed Dowan
  8786 | D:4      | Killed Blork the orc
  8786 | D:4      | Killed Duvessa
  8786 | D:4      | Killed Dowan
  8890 | D:4      | Found a bloodstained altar of Trog.
  9117 | D:4      | Reached skill level 8 in Fire Magic
  9151 | D:5      | Entered Level 5 of the Dungeon
  9211 | D:5      | Reached skill level 5 in Conjurations
  9263 | D:5      | Noticed Grinder
  9278 | D:5      | Killed Grinder
  9278 | D:5      | Reached XP level 9. HP: 48/48 MP: 12/21
 10007 | D:5      | Found a shattered altar of Ashenzari.
 10370 | D:6      | Gained mutation: You have sharp fingernails. [mutagenic meat]
 10371 | D:6      | Gained mutation: You are frail. (-10% HP) [mutagenic meat]
 10372 | D:6      | Gained mutation: Your muscles are strong. (Str +2) [mutagenic meat]
 10373 | D:6      | Gained mutation: You expend magic power (3 MP) to strengthen your wands. [mutagenic meat]
 10418 | D:6      | Found a sand-covered staircase.
 10440 | Ossuary  | Entered an ossuary
 11334 | Ossuary  | Noticed Menkaure
 11372 | Ossuary  | Killed Menkaure
 12473 | D:7      | Reached skill level 5 in Dodging
 13459 | D:7      | Reached skill level 9 in Fire Magic
 13598 | D:7      | Learned a level 5 spell: Bolt of Magma
 13618 | D:7      | Got a jewelled war axe
 13619 | D:7      | Identified the +7 war axe of Blood-Lust {chop, rC+} (You found it on level 7 of the Dungeon)
 14128 | D:8      | Noticed Prince Ribbit
 14140 | D:8      | Killed Prince Ribbit
 14298 | D:8      | Noticed tstbtto's ghost (novice MiCK)
 14635 | D:8      | Reached XP level 10. HP: 50/50 MP: 17/23
 14670 | D:8      | Mangled by tstbtto's ghost

Vault maps used:
D:1:      dpeg_arrival_arbitrary_a, minmay_misc_feat_ornament
D:2:      kennysheep_goblin_castle, grunt_temple_overflow_order_and_chaos_1,
          uniq_terence
D:3:      minmay_goblin_kobold_castle, marbit_many_paths,
          cheibriados_altar_wand_db, gammafunk_temple_overflow_forgotten,
          corexii_shack
D:4:      tgw_trog, gup_sewer_entry_bowl, uniq_blork_the_orc, uniq_duvessa,
          uniq_sigmund, uniq_edmund, uniq_eustachio
D:5:      ashenzari_altar_1, first_bread, uniq_grinder
D:6:      nicolae_ossuary_entry_giza
D:7:      minmay_temple_entry_from_below_a
D:8:      uniq_prince_ribbit1
Sewer:    sewer_sea
Ossuary:  ossuary_due_pyramid

Skill      XL: |  1  2  3  4  5  6  7  8  9 |
---------------+----------------------------+-----
Fire Magic     | 4 5 6 7 8 9 |  9.2
Conjurations   | 2 3 4 5 6 |  6.0
Spellcasting   | 4 5 6 7 |  7.7
Fighting       | 1 2 3 |  3.1
Short Blades   | 1 2 3 |  3.8
Armour         | 1 2 3 |  3.0
Evocations     | 2 3 4 |  4.1
Dodging        | 3 4 5 |  5.6
Stealth        | |  2.4
Shields        | |  0.4

Action                   |  1- 3 |  4- 6 |  7- 9 | 10-12 || total
-------------------------+-------+-------+-------+-------++-------
Melee: Short sword       |     9 |    21 |    98 |       ||   128
       War axe           |       |       |     7 |     4 ||    11
Throw: Javelin           |     4 |     8 |     8 |       ||    20
       Stone             |     3 |     2 |       |       ||     5
       Tomahawk          |       |       |     1 |       ||     1
 Cast: Flame Tongue      |    41 |   105 |   196 |    17 ||   359
       Throw Flame       |    11 |    77 |   139 |     1 ||   228
       Conjure Flame     |     1 |    13 |     9 |     1 ||    24
       Inner Flame       |       |     5 |     2 |       ||     7
       Sticky Flame      |       |     1 |    25 |       ||    26
       Fireball          |       |       |     1 |       ||     1
Evoke: Wand              |       |       |     5 |       ||     5
  Use: Scroll            |     5 |     5 |    12 |       ||    22
       Potion            |       |     7 |     5 |       ||    12
 Stab: Sleeping          |       |     1 |     4 |       ||     5
  Eat: Chunk             |     2 |     5 |    11 |       ||    18
       Bread ration      |       |     2 |     3 |       ||     5
       Beef jerky        |       |     2 |       |       ||     2
       Fruit             |       |     1 |     7 |       ||     8
       Pizza             |       |     1 |     1 |       ||     2
       Royal jelly       |       |       |     1 |       ||     1
Armor: Robe              |     5 |     6 |    32 |       ||    43
       Leather armour    |       |       |     3 |       ||     3
Dodge: Dodged            |    24 |    56 |   104 |     8 ||   192
Block: Buckler           |       |       |     6 |     2 ||     8
